 Dungeon Crawl Stone Soup version 0.17-a0-1184-gb75be8f (webtiles) character file.

5150 Ladykiller69 the Cleaver (level 10, -14/79 HPs)
             Began as a Formicid Fighter on June 1, 2015.
             Was an Elder of Cheibriados.
             Demolished by a fire giant
             ... wielding a +1 great sword of flaming
              (23 damage)
             ... on level 15 of the Dungeon.
             The game lasted 00:40:07 (8660 turns).

Ladykiller69 the Cleaver (Formicid Fighter)         Turns: 8660, Time: 00:40:07

Health: -14/79     AC: 16    Str: 34      XL:     10   Next: 89%
Magic:  10/10      EV:  8    Int: 14 (18) God:    Cheibriados [****..]
Gold:   622        SH: 14    Dex: 20      Spells: 0 memorised, 9 levels left

rFire  . . .     SeeInvis +     a - +0 war axe
rCold  . . .     Clarity  +     K - +0 plate armour
rNeg   . . .     SustAt   .     c - +0 shield
rPois  .         Gourm    .     (helmet unavailable)
rElec  .         Spirit   .     (no cloak)
rCorr  .         Warding  .     J - +0 pair of gloves
rMut   .         Stasis   +     g - +1 pair of boots
MR     ++...                    A - amulet of clarity
Stlth  ..........               q - ring of protection from magic
                                N - ring of wizardry

@: very slow, very resistant to hostile enchantments, extremely unstealthy
A: permanent stasis, dig shafts and tunnels, four strong arms, antennae 3
a: Dig, Shaft Self, Bend Time, Temporal Distortion, Slouch, Renounce Religion


You were on level 15 of the Dungeon.
You worshipped Cheibriados.
Cheibriados was greatly pleased with you.
You were not hungry.

You visited 2 branches of the dungeon, and saw 16 of its levels.

You collected 622 gold pieces.

Inventory:

Hand weapons
 a - a +0 war axe (weapon)
Missiles
 s - 24 tomahawks (quivered)
 w - 2 tomahawks of dispersal
 B - 5 javelins
 T - 4 steel tomahawks
Armour
 c - a +0 shield (worn)
 g - a +1 pair of boots (worn)
 J - a +0 pair of gloves (worn)
 K - a +0 plate armour (worn)
Jewellery
 q - a ring of protection from magic (right hand)
 y - a +4 ring of dexterity
 A - an amulet of clarity (around neck)
 M - an uncursed ring of sustain attributes
 N - a ring of wizardry (left hand)
 S - an uncursed ring of stealth
 U - an uncursed ring of magical power
 W - an uncursed ring of ice
Magical devices
 O - a wand of confusion (20)
Scrolls
 f - a scroll of amnesia
 l - 13 scrolls of identify
 m - 3 scrolls of enchant armour
 o - a scroll of enchant weapon {unknown}
 x - a scroll of fog {unknown}
 E - 3 scrolls of remove curse
 P - a scroll of fear
 X - a scroll of silence {unknown}
Potions
 b - a potion of experience {unknown}
 d - 4 potions of might
 i - a potion of poison {unknown}
 p - a potion of haste
 r - 2 potions of degeneration
 t - a potion of agility {unknown}
 z - a potion of cure mutation {unknown}
 F - a potion of brilliance
 G - a potion of lignification {unknown}
 H - a potion of cancellation {unknown}
 L - a potion of resistance {unknown}
 R - 2 potions of curing
 Y - a potion of flight {unknown}
Books
 h - a book of Minor Magic

   Spells                             Type                      Level
   a - Magic Dart                     Conjuration                  1
   b - Blink                          Translocation                2
   c - Call Imp                       Summoning                    2
   d - Repel Missiles                 Charms/Air                   2
   e - Slow                           Hexes                        2
   f - Conjure Flame                  Conjuration/Fire             3
   g - Mephitic Cloud                 Conjuration/Poison/Air       3
 j - a book of Necromancy

   Spells                             Type                      Level
   a - Pain                           Necromancy                   1
   b - Animate Skeleton               Necromancy                   1
   c - Vampiric Draining              Necromancy                   3
   d - Regeneration                   Charms/Necromancy            3
   e - Animate Dead                   Necromancy                   4
   f - Control Undead                 Necromancy                   4
 I - a book of Fire

   Spells                             Type                      Level
   a - Ignite Poison                  Fire/Transmutation/Poison    3
   b - Fireball                       Conjuration/Fire             5
   c - Bolt of Fire                   Conjuration/Fire             6
   d - Delayed Fireball               Conjuration/Fire             7
   e - Ring of Flames                 Charms/Fire                  7
Comestibles
 e - 4 bread rations
 k - 2 fruits
 n - 3 meat rations
 v - 2 royal jellies


   Skills:
 - Level 7.0 Fighting
 * Level 10.8 Axes
 - Level 7.0 Armour
 + Level 9.8 Shields


You had 9 spell levels left.
You didn't know any spells.

Dungeon Overview and Level Annotations

Branches:
Dungeon (15/15)            Temple (1/1) D:5             Orc (0/4) D:12
 Depths (0/5) D:15
   Lair: D:8-11      Vaults: D:13-14

Altars:
Ashenzari
Cheibriados
Dithmenos
Fedhas
Gozag
Makhleb
Nemelex Xobeh
Ru
Trog
Vehumet
Yredelemnul
The Shining One

Annotations:
D:7 Menkaure
D:8 Erolcha, Gastronok


Innate Abilities, Weirdness & Mutations

You are under a permanent stasis effect.
You can dig through walls and to a lower floor.
Your four strong arms can wield two-handed weapons with a shield.
You have a pair of large antennae on your head (SInv).


Message History

The fire giant gestures at you while chanting.
The fireball explodes!
The fireball engulfs you!
Ouch! That really hurt!
You hear a shout!
Use which ability? (? or * to list)
You extend your mandibles.
You dig through the rock wall.
You dig through the rock wall.
You dig through the rock wall.
Use which ability? (? or * to list)
You can't shaft yourself on this level.
A fire giant is nearby!
You dig through the rock wall.
The fire giant hits you with a great sword of flaming!!
* * * LOW HITPOINT WARNING * * *
The fire giant burns you.
* * * LOW HITPOINT WARNING * * *
You dig through the rock wall.
The fire giant hits you with a great sword of flaming!!
You die...

.. #.......###..P
...###.......####P≈≈
....(............PPPP
..#........#.####..###
.............# .w#
.#.#.......###
###[.......#
#........###
..........#@##
.#.........#C.#
..#.........#.#
###........####.#.
####.....§......
#....§≈.....#.
#...§≈§§≈≈.....
#...#§≈≈.≈#....
#..≈≈≈≈.≈≈≈§..[


You could see a fire giant.

Vanquished Creatures
  A troll (D:11)
  A deep elf mage (D:11)
  2 wyverns
  Grum (D:8)
  2 hippogriffs
  3 yaks (D:9)
  2 wolves (D:8)
  2 phantoms
  4 orc warriors
  An ice beast (D:7)
  3 ogres
  A sky beast (D:5)
  8 centaurs
  A big kobold (D:11)
  3 giant frogs
  A water moccasin zombie (D:6)
  A scorpion (D:11)
  2 water moccasin skeletons (D:11)
  A wight (D:8)
  2 hounds
  A jelly (D:5)
  A crimson imp (D:5)
  5 centaur skeletons
  3 orc wizards
  2 giant frog skeletons
  3 orc priests
  A quasit (D:5)
  A sheep (D:14)
  6 worker ants
  A hound zombie (D:5)
  A worker ant zombie (D:5)
  3 gnolls (D:3)
  11 adders
  2 adder zombies
  An adder skeleton (D:6)
  A worm (D:3)
  2 giant geckos
  47 orcs
  A bat skeleton (D:6)
  A bat zombie (D:5)
  7 giant cockroaches
  8 goblins
  13 hobgoblins
  7 jackals
  A ball python (D:3)
  13 bats
  6 giant newts
  A jackal skeleton (D:4)
  11 kobolds
  A quokka (D:6)
  A quokka skeleton (D:6)
  A quokka zombie (D:6)
  13 rats
219 creatures vanquished.

Notes
Turn   | Place    | Note
--------------------------------------------------------------
     0 | D:1      | Ladykiller69 the Formicid Fighter began the quest for the Orb.
     0 | D:1      | Reached XP level 1. HP: 18/18 MP: 1/1
   107 | D:1      | Found a sparkling altar of Nemelex Xobeh.
   127 | D:1      | Reached XP level 2. HP: 24/24 MP: 2/2
   483 | D:2      | Reached XP level 3. HP: 29/29 MP: 3/3
   623 | D:2      | Reached skill level 4 in Shields
  1104 | D:3      | Reached XP level 4. HP: 20/35 MP: 4/4
  1334 | D:3      | Found a shadowy altar of Dithmenos.
  1334 | D:3      | Found a radiant altar of Vehumet.
  1646 | D:3      | Reached XP level 5. HP: 42/42 MP: 5/5
  2217 | D:4      | Reached XP level 6. HP: 42/49 MP: 6/6
  2338 | D:4      | Noticed an ogre
  2530 | D:4      | Noticed an ogre
  2540 | D:5      | Entered Level 5 of the Dungeon
  2701 | D:5      | Reached skill level 5 in Shields
  2720 | D:5      | Reached XP level 7. HP: 48/55 MP: 7/7
  2795 | D:5      | Reached skill level 5 in Axes
  2923 | D:4      | Noticed an ogre
  3083 | D:5      | Reached skill level 5 in Fighting
  3144 | D:4      | Killed an ogre
  3659 | D:5      | Found a blossoming altar of Fedhas.
  3691 | D:6      | Reached skill level 5 in Armour
  3691 | D:6      | Reached XP level 8. HP: 45/62 MP: 8/8
  3911 | D:5      | Reached skill level 6 in Axes
  4114 | D:5      | Found a staircase to the Ecumenical Temple.
  4120 | Temple   | Entered the Ecumenical Temple
  4148 | Temple   | Became a worshipper of Cheibriados the Contemplative
  4708 | D:6      | You fall through a shaft!
  4816 | D:7      | Acquired Cheibriados's first power
  4881 | D:8      | Noticed Grum
  4892 | D:8      | Killed Grum
  4892 | D:8      | Reached skill level 7 in Axes
  4892 | D:8      | Reached XP level 9. HP: 60/69 MP: 9/9
  5056 | D:8      | Noticed Erolcha
  5068 | D:8      | You fall through a shaft!
  5531 | D:9      | Reached skill level 8 in Axes
  5918 | D:7      | Noticed Menkaure
  5928 | D:7      | You fall through a shaft!
  6348 | D:8      | Found a shattered altar of Ashenzari.
  6349 | D:8      | Noticed Gastronok
  6352 | D:8      | You fall through a shaft for 3 floors!
  6418 | D:11     | Reached XP level 10. HP: 79/79 MP: 10/10
  6499 | D:11     | Noticed a hill giant
  6503 | D:11     | You fall through a shaft!
  6606 | D:12     | Noticed a hill giant
  6609 | D:12     | You fall through a shaft for 2 floors!
  6653 | D:14     | Noticed a cyclops
  6702 | D:13     | Reached skill level 9 in Axes
  6856 | D:13     | Noticed a five-headed hydra
  6977 | D:12     | Acquired Cheibriados's second power
  7255 | D:12     | Found a staircase to the Orcish Mines.
  7441 | D:11     | Noticed a troll
  7453 | D:11     | Killed a troll
  7453 | D:11     | Reached skill level 10 in Axes
  7800 | D:11     | Acquired Cheibriados's third power
  7825 | D:10     | Entered Level 10 of the Dungeon
  8261 | D:7      | You fall through a shaft for 3 floors!
  8265 | D:10     | Noticed a four-headed hydra
  8269 | D:10     | You fall through a shaft for 3 floors!
  8361 | D:13     | You fall through a shaft for 2 floors!
  8361 | D:15     | Entered Level 15 of the Dungeon
  8653 | D:15     | Found a staircase to the Depths.
  8654 | D:15     | Noticed a fire giant
  8660 | D:15     | Demolished by a fire giant

Vault maps used:
D:1:      grunt_arrival_crossed_arrows, minmay_misc_feat_columns, nemelex_deck
D:2:      first_bread
D:3:      gammafunk_temple_overflow_wave, kennysheep_cross_room,
          minmay_quantized
D:4:      corexii_shack_village
D:5:      nicolae_overflow_hidden_temple, minmay_temple_entry_fiery,
          serial_glass, glass_columns_a, glass_columns_a, minivault_27
D:6:      xom_butterflies, st_stairs_13
D:7:      uniq_prince_ribbit1, uniq_menkaure
D:8:      old_standard_altar, old_standard_altar, kennysheep_mini_moat,
          uniq_grum, uniq_gastronok, uniq_erolcha, uniq_psyche
D:10:     kennysheep_steamy, grunt_lair_entry_elf_guard_hut,
          hangedman_abyss_or_decor_stagger, uniq_maud, uniq_fannar
D:11:     uniq_nergalle, uniq_sonja
D:12:     hiddenorc2_lemuel
D:13:     hangedman_vaults_entry_quadrant_bands, minmay_misc_feat_chi,
          uniq_kirke
D:14:     the_bakery
D:15:     grunt_enter_depths_giant_problem, nicolae_trove_entry_diagonal,
          serial_bayou, serial_bayou_pond_c, serial_bayou_lagoon_a,
          serial_bayou_ford_a, serial_bayou_pond_e, roderic_roman_lattice,
          hangedman_abyss_or_decor_slice
Temple:   circular_temple_pool_12

Action                   |  1- 3 |  4- 6 |  7- 9 | 10-12 || total
-------------------------+-------+-------+-------+-------++-------
Melee: War axe           |   100 |   198 |   468 |   352 ||  1118
Invok: Bend Time         |       |       |     3 |       ||     3
 Abil: Dig               |     2 |     4 |    11 |    11 ||    28
       Shaft Self        |       |       |     4 |     5 ||     9
  Use: Scroll            |       |       |     5 |     4 ||     9
       Potion            |       |       |       |     3 ||     3
 Stab: Distracted        |       |       |       |     1 ||     1
  Eat: Chunk             |     1 |     5 |     9 |     4 ||    19
       Beef jerky        |       |     1 |     1 |     1 ||     3
       Pizza             |       |       |     1 |     1 ||     2
